 Dungeon Crawl Stone Soup version 0.31-a0-161-gb58dd9be76 (webtiles) character file.

Game seed: 6252510765959729014

5 Moral the Caller (level 1, 14/14 HPs)
             Began as a Minotaur Summoner on June 13, 2023.
             Got out of the dungeon alive.
             The game lasted 00:01:44 (564 turns).

Moral the Caller (Minotaur Summoner)                 Turns: 564, Time: 00:01:44

Health: 14/14      AC:  2    Str: 12    XL:     1   Next: 66%
Magic:  2/2        EV: 12    Int: 12    God:
Gold:   0          SH:  0    Dex: 10    Spells: 2/3 levels left

rFire   . . .        (no weapon)
rCold   . . .        (no shield)
rNeg    . . .        a - +0 robe
rPois   .            (helmet restricted)
rElec   .            (no cloak)
rCorr   .            (no gloves)
SInv    .            (no boots)
Will    .....        (no amulet)
Stlth   ++           (no ring)
HPRegen 0.22/turn    (no ring)
MPRegen 0.08/turn

%: no passive effects
@: no status effects
A: horns 2, retaliatory headbutt
a: no special abilities


You escaped.
You visited 1 branch of the dungeon, and saw 1 of its levels.

Inventory:

Armour
 a - a +0 robe (worn)
Scrolls
 c - a scroll of identify {unknown}
Potions
 b - a potion of magic


   Skills:
 + Level 2.2 Dodging
 + Level 1.6 Stealth
 * Level 1.5 Spellcasting
 * Level 3.0 Summonings


You had 2 spell levels left.
You knew the following spells:

 Your Spells              Type           Power      Damage    Failure   Level
a - Summon Small Mammal   Summ           32%        N/A       9%          1

Your spell library contained the following spells:

 Spells                   Type           Power      Damage    Failure   Level
 Call Imp                 Summ           16%        N/A       12%         2
 Call Canine Familiar     Summ           8%         N/A       24%         3
 Summon Guardian Golem    Hex/Summ       4%         N/A       41%         3
 Summon Lightning Spire   Summ/Air       4%         N/A       83%         4


Dungeon Overview and Level Annotations

Branches:
Dungeon (1/15)

Altars:

Shops:
D:1 [


Innate Abilities, Weirdness & Mutations

You have a pair of horns on your head.
You reflexively headbutt those who attack you in melee.


Message History

Your bat hits the endoplasm.
The endoplasm dies!
You're too inexperienced to learn that spell!
Magic restored.
There is a stone staircase leading down here.
Your bat disappears in a puff of smoke!
A rat comes into view.
Found a scroll labelled MAVENO XUFUGG.
A rat is nearby!
Casting: Summon Small Mammal (safe; 9% risk of failure)
Confirm with . or Enter, or press ? or * to list all spells.
Casting: Summon Small Mammal (safe; 9% risk of failure)
Confirm with . or Enter, or press ? or * to list all spells.
You miscast Summon Small Mammal.
You are very lightly contaminated with residual magic.
Nothing appears to happen.
Casting: Summon Small Mammal (safe; 9% risk of failure)
Confirm with . or Enter, or press ? or * to list all spells.
You don't have enough magic to cast this spell.
A dart slug comes into view.
A bat comes into view.
Your bat hits the rat.
Your bat closely misses the rat.
Your bat hits the rat but does no damage.
The rat closely misses you.
You hit the rat.
You kill the rat!
You swap places.
Your magical contamination has completely faded away.
You swap places.
A bat is nearby!
Your bat disappears in a puff of smoke!
There is a stone staircase leading down here.
You enter the shallow water.
Moving in this stuff is going to be slow.
There is a staircase leading out of the dungeon here.
You can't go down here!
Are you sure you want to leave the Dungeon?
This will make you lose the game!
Uppercase [Y]es or [N]o only, please.
Are you sure you want to leave the Dungeon?
This will make you lose the game!
You have escaped!

#.. .........#... ##
##.## ###.........
..####...####........#..
....#..~..#.....#....#..
..~....~....~..8#.......
...~..~~~..~...##.......
....~~~~~~~.....#.......
..~~~~...~~~~...........
~~~~~..@..~~~~~..#.#....
..~~~~...~~~~....#......
....~~~~~~~.....##......
...~..~~~..~...###>.....
..~....~....~..8##......
....#..~..#.....#.......
..####...####...........
#######+#######.........
......................


There were no monsters in sight!

Vanquished Creatures
  An endoplasm (D:1)
  A rat (D:1)
2 creatures vanquished.

Vanquished Creatures (collateral kills)
  An endoplasm (D:1)
  A ball python (D:1)
  A frilled lizard (D:1)
  A rat (D:1)
4 creatures vanquished.

Grand Total: 6 creatures vanquished

Notes
Turn   | Place    | Note
-------+----------+-------------------------------------------
     0 | D:1      | Moral the Minotaur Summoner began the quest for the Orb.
     0 | D:1      | Reached XP level 1. HP: 14/14 MP: 1/1
    13 | D:1      | Found Milleaso's Antique Armour Shoppe.
    16 | D:1      | Reached skill level 3 in Summonings
   564 | D:$      | Got out of the dungeon alive.

Illustrated notes

Levels and vault maps discovered:
D:1:      eino_arrival_water_star, layout_basic, serial_shops, shop,
          serial_co_window_serial, co_window_corner_a, co_window_corner_a,
          co_window_corner_a, co_window_of_opportunity_a, co_window_paths_b,
          co_window_of_opportunity_a, co_window_corner_ca, co_window_broadway_c,
          co_window_of_opportunity_b, co_window_paths_e, glass_columns_b,
          glass_columns_a, glass_columns_a, glass_columns_c, glass_columns_a,
          hex_medium

Skill      XL: |  1 |
---------------+----+-----
Summonings     | 3 |  3.0
Dodging        | |  2.2
Stealth        | |  1.6
Spellcasting   | |  1.5

Action                     || total
---------------------------++-------
  Melee: Unarmed           ||     2
   Cast: Summon Small Mamm ||     5
 Armour: Robe              ||     9
  Dodge: Dodged            ||    18

Table legend: (Time is in decaauts)
 A = Elapsed time spent in this place.
 B = Non-inter-level travel time spent in this place.
 C = Inter-level travel time spent in this place.
 D = Time resting spent in this place.
 E = Time spent auto-exploring this place.
 F = Levels seen in this place.
 G = Mean time per level.
                   A        B        C        D        E       F      G
               +--------+--------+--------+--------+--------+-----+--------+
         Total |    566 |    566 |      0 |    396 |     59 |   1 |  566.0 |
       Dungeon |    566 |    566 |      0 |    396 |     59 |   1 |  566.0 |
               +--------+--------+--------+--------+--------+-----+--------+

Top non-repeatable levels by time:
     D:1: 566 daAuts
